 Dungeon Sprint DCSS version 0.27.1-1-g398f81649c (webtiles) character file.

Game seed: 11986205693576496201

2139 boopmooplesden the Blocker (level 9, -2/81 HPs)
             Began as a Minotaur Fighter on Sept 15, 2021.
             Was a Follower of Okawaru.
             Slain by a polar bear (21 damage)
             ... in the Dungeon (Sprint II: "The Violet Keep of Menkaure").
             The game lasted 00:04:09 (968 turns).

boopmooplesden the Blocker (Minotaur Fighter)        Turns: 968, Time: 00:04:10

Health: -2/81      AC: 16    Str: 17    XL:     9   Next: 9%
Magic:  6/7        EV:  4    Int:  5    God:    Okawaru [*.....]
Gold:   93         SH: 18    Dex: 10    Spells: 8/8 levels left

rFire    . . .     SeeInvis .   a - +0 war axe
rCold    + . .     Faith    .   k - +0 tower shield
rNeg     . . .     Spirit   .   d - +0 plate armour "Veotiero" {Rampage +Blink rC+ Will+ Str-3}
rPois    .         Reflect  .   (helmet restricted)
rElec    .         Harm     .   l - +0 cloak
rCorr    .         Rampage  +   (no gloves)
Will     +....     Rnd*Rage +   (no boots) Stlth ..........NoTele +
                                (no amulet)
HPRegen  0.23/turn              (no ring)
MPRegen  0.10/turn              (no ring)

@: no status effects
A: horns 2, retaliatory headbutt, berserk 2, frail 1, low mp 1, weak 2
a: Renounce Religion, Evoke Blink, Heroism


You were in the Dungeon.
You worshipped Okawaru.
Okawaru was aware of your devotion.
You visited 1 branch You collected 986 gold pieces.
You spent 893 gold pieces at shops.

Inventory:

Hand Weapons
 a - a +0 war axe (weapon)
Armour
 d - the +0 plate armour "Veotiero" (worn) {Rampage +Blink rC+ Will+ Str-3}
   (You bought it in a shop in the Dungeon)

   Str:       It affects your strength (-3).
   rC:        It protects you from cold.
   +Blink:    It lets you blink.
   Rampage:   It bestows one free step when moving towards enemies.
   Will:      It increases your willpower.
 k - a +0 tower shield (worn)
 l - a +0 cloak (worn)
Scrolls
 j - a scroll of blinking
Potions
 e - a potion of curing
 g - a potion of haste
 h - 2 potions of magic


   Skills:
 + Level 12.4 Fighting
 + Level 12.2 Axes
 + Level 11.8 Armour
 + Level 3.2 Dodging
 + Level 0.5 Stealth
 + Level 12.9 Shields


You had 8 spell levels left.
You didn't know any spells.
Your spell library was empty.

Dungeon Overview and Level Annotations

Branches:
Dungeon (1/1)

Altars:
Cheibriados
Dithmenos
Elyvilon
Fedhas
Gozag
Hepliaklqana
Kikubaaqudgha
Makhleb
Nemelex Xobeh
Okawaru
Qazlal
Ru
Sif Muna
Trog
Uskayaw
Vehumet
Wu Jian
Xom
Yredelemnul
Zin
The Shining One
Beogh
Jiyva
Lugonu

Shops:
D :*[=!=?!:[=??=(

Annotations:
D exclusions: ice statue and oklob plant


Innate Abilities, Weirdness & Mutations

You have a pair of horns on your head.
You reflexively headbutt those who attack you in melee.
You often lose your temper in combat.
You are frail. (-10% HP)
Your magical capacity is low. (-10% MP)
You are very weak. (Str -4)


Message History

The polar bear claws you but does no damage.
You barely miss the polar bear.
You headbutt the polar bear, but do no damage.
The polar bear is heavily wounded.
You slash the polar bear!
The polar bear is severely wounded.
The polar bear goes berserk!
You hit the polar bear but do no damage.
The polar bear is severely wounded.
You block the polar bear's attack. x2
The polar bear claws you but does no damage.
You hit the polar bear but do no damage.
The polar bear is severely wounded.
You feel like a meek peon again. You block the polar bear's attack.
The polar bear claws you but does no damage.
You block the polar bear's attack. The polar bear bites you!
You block the polar bear's attack. The polar bear claws you.
You hit the polar bear.
The polar bear is severely wounded.
You block the polar bear's attack.
The polar bear claws you but does no damage.
The polar bear claws you.
* * * LOW HITPOINT WARNING * * *
You block the polar bear's attack.
The polar bear claws you but does no damage.
The polar bear claws you.
* * * LOW HITPOINT WARNING * * *
You hit the polar bear. You headbutt the polar bear.
The polar bear is almost dead.
The polar bear bites you but does no damage.
The polar bear claws you.
* * * LOW HITPOINT WARNING * * *
You block the polar bear's attack.
You hit the polar bear.
The polar bear is almost dead.
You block the polar bear's attack. x2
The polar bear claws you but does no damage.
The polar bear bites you!!
You die...

.#..#....# ...# .#.####..##
#..# .#▓[?!$?!()▓▓ #'###.##..#
+..# .#▓[$)??$)$▓▓ #.##.#.#..#
#..# .#▓?[![?!$$▓
.<.'##.'..####^.##.#▓)($($?:!
#.###..#....###.^.##▓▓▓▓▓▓▓+▓▓
#'# #.##..§...≈≈≈≈≈≈≈≈≈≈≈≈≈..
..#####≈≈§....≈#h########+###
.##.#≈≈≈≈§≈≈.§§#@...._†_#§≈≈##
.#.##≈≈≈≈≈§≈§.≈#...._._.#≈§≈≈##
#+##§§≈§≈§≈≈≈≈≈#..._._._#S≈≈≈≈#
≈≈≈≈≈§≈§§§§§§≈≈#.._._._.#S≈§≈§≈
+#+++#≈§≈§§≈§≈≈#._._._._#S§§§§≈
≈≈° ##§§≈###§≈#_._._._.#§§≈§§≈
≈≈≈ ##≈≈ #≈≈#._._._..#§§§§§≈
≈≈°≈ #≈§#.._._._.#§§§§▓▓ °≈°≈
§§≈≈##########≈≈§§▓z


You could see a polar bear (berserk).

Vanquished Creatures
  A merfolk siren (D)
  A yaktaur (D)
  2 polar bears (D)
  A hornet (D)
  4 neqoxecs (D)
  A vampire mosquito (D)
  A water moccasin (D)
  4 necrophages (D)
  3 worms (D)
18 creatures vanquished.

Vanquished Creatures (others)
  Menkaure (D)
  A water moccasin (D)
2 creatures vanquished.

Grand Total: 20 creatures vanquished

Notes
Turn   | Place    | Note
-------+----------+-------------------------------------------
     0 | D        | boopmooplesden the Minotaur Fighter began the quest for the
                  | Orb.
     0 | D        | Reached XP level 1. HP: 19/19 MP: 0/0
    16 | D        | Killed a water moccasin
   101 | D        | Noticed a necrophage
   101 | D        | Noticed a necrophage
   101 | D        | Noticed a necrophage
   101 | D        | Noticed a necrophage
   106 | D        | Killed a necrophage
   107 | D        | Reached XP level 2. HP: 27/31 MP: 1/1
   107 | D        | Reached XP level 3. HP: 33/38 MP: 2/2
   107 | D        | Reached XP level 4. HP: 39/45 MP: 3/3
   108 | D        | Killed a necrophage
   109 | D        | Reached XP level 5. HP: 43/53 MP: 4/4
   116 | D        | Killed a necrophage
   117 | D        | Reached skill level 5 in Axes
   117 | D        | Killed a necrophage
   118 | D        | Reached XP level 6. HP: 27/63 MP: 5/5
   158 | D        | Killed Menkaure
   297 | D        | Noticed a neqoxec
   302 | D        | Gained mutation: You are weak. (Str -2) [a neqoxec]
   303 | D        | Noticed a neqoxec
   312 | D        | Killed a neqoxec
   312 | D        | Gained mutation: Your magical capacity is low. (-10% MP) [a
                  | neqoxec]
   313 | D        | Reached skill level 10 in Armour
   315 | D        | Gained mutation: You are frail. (-10% HP) [a neqoxec]
   315 | D        | Gained mutation: You tend to lose your temper in combat. [a
                  | neqoxec]
   316 | D        | Killed a neqoxec
   317 | D        | Reached skill level 10 in Fighting
   317 | D        | Reached skill level 1 in Dodging
   317 | D        | Reached skill level 10 in Shields
   317 | D        | Reached XP level 7. HP: 56/64 MP: 5/5
   319 | D        | Noticed a neqoxec
   320 | D        | Noticed a neqoxec
   320 | D        | Gained mutation: You are very weak. (Str -4) [a neqoxec]
   321 | D        | Killed a neqoxec
   330 | D        | Gained mutation: You often lose your temper in combat. [a
                  | neqoxec]
   334 | D        | Killed a neqoxec
   338 | D        | Found a snail-covered altar of Cheibriados.
   350 | D        | Noticed an ice statue
   573 | D        | Noticed a merfolk siren
   584 | D        | Killed a merfolk siren
   585 | D        | Reached XP level 8. HP: 50/73 MP: 6/6
   599 | D        | Found Silyuj's Antique Weapon Shop.
   599 | D        | Found Zycanaut's Magic Scroll Boutique.
   599 | D        | Found Jeocwid's Jewellery Shop.
   599 | D        | Found Exanix's Distillery.
   599 | D        | Found Pefaprih's Magic Scroll Shop.
   599 | D        | Found Halo's Antique Armour Shop.
   599 | D        | Found Bogacen's Jewellery Boutique.
   600 | D        | Found Kuteo's Distillery.
   600 | D        | Found Bahoj's Jewellery Shop.
   600 | D        | Found Enakkiry's Antique Armour Boutique.
   600 | D        | Found Pasmeul's Magic Scroll Shop.
   601 | D        | Found Adwiupsa's General Store.
   642 | D        | Found Eniynnom's Jewellery Boutique.
   642 | D        | Found Duxzol's Book Shop.
   661 | D        | Reached skill level 10 in Axes
   674 | D        | Noticed an oklob plant
   675 | D        | Found Bydaed's Book Shoppe.
   809 | D        | Bought a distressingly furry plate armour for 700 gold
                  | pieces
   809 | D        | Identified the +0 plate armour "Veotiero" {Rampage +Blink
                  | rC+ Will+ Str-3} (You bought it in a shop in the Dungeon)
   832 | D        | Bought a tower shield for 112 gold pieces
   844 | D        | Bought a cloak for 81 gold pieces
   874 | D        | Found a shadowy altar of Dithmenos.
   874 | D        | Found a viscous altar of Jiyva.
   875 | D        | Found a white marble altar of Elyvilon.
   875 | D        | Found an ancient bone altar of Kikubaaqudgha.
   875 | D        | Found a hazy altar of Hepliaklqana.
   875 | D        | Found a sacrificial altar of Ru.
   876 | D        | Found a blossoming altar of Fedhas.
   876 | D        | Found a corrupted altar of Lugonu.
   876 | D        | Found a shimmering blue altar of Sif Muna.
   877 | D        | Found an opulent altar of Gozag.
   877 | D        | Found a burning altar of Makhleb.
   877 | D        | Found a bloodstained altar of Trog.
   878 | D        | Found a sparkling altar of Nemelex Xobeh.
   878 | D        | Found a hide-covered altar of Uskayaw.
   879 | D        | Found a basalt altar of Yredelemnul.
   879 | D        | Noticed a polar bear
   880 | D        | Found an iron altar of Okawaru.
   880 | D        | Found a radiant altar of Vehumet.
   880 | D        | Found a glowing silver altar of Zin.
   880 | D        | Found a shimmering altar of Xom.
   880 | D        | Noticed a hornet
   880 | D        | Noticed a polar bear
   881 | D        | Found a stormy altar of Qazlal.
   881 | D        | Found an ornate altar of the Wu Jian Council.
   881 | D        | Found a glowing golden altar of the Shining One.
   881 | D        | Noticed a yaktaur
   881 | D        | Noticed a polar bear
   888 | D        | Became a worshipper of Warmaster Okawaru
   894 | D        | Killed a polar bear
   898 | D        | Killed a polar bear
   898 | D        | Reached * piety under Okawaru
   902 | D        | Killed a hornet
   903 | D        | Killed a yaktaur
   904 | D        | Reached XP level 9. HP: 19/81 MP: 7/7
   968 | D        | Slain by a polar bear

Illustrated notes

Levels and vault maps discovered:
D:        the_violet_keep_of_menkaure [sprint2_stairs_cluster_1,
          sprint2_shoproom, sprint2_temple, sprint2_basic_supplies,
          sprint2_obstacle_5, sprint2_obstacle_6, sprint2_obstacle_2,
          sprint2_obstacle_4, sprint2_obstacle_1, sprint2_timed_cluster_1,
          sprint2_smallroom_cluster_1, sprint2_smallroom_final_cluster_1,
          sprint2_transparent_cluster_1, sprint2_second_timed_cluster_1,
          sprint2_sniper_area_1, sprint2_heavy_combat_area_1,
          sprint2_mutation_trap_area_1, sprint2_forest_area_1,
          sprint2_light_combat_area_1, sprint2_behind_water_1,
          sprint2_near_end_vault_1]

Skill      XL: |  1  2  3  4  5  6  7  8 |
---------------+-------------------------+-----
Fighting       | 6 7 9 10 11 12 | 12.4
Axes           | 3 4 6 8 9 12 | 12.2
Armour         | 6 8 9 10 11 | 11.8
Shields        | 6 7 9 10 11 12 | 12.9
Dodging        | 1 3 |  3.2
Stealth        | |  0.5

Action                   |  1- 3 |  4- 6 |  7- 9 || total
-------------------------+-------+-------+-------++-------
Melee: War axe           |     4 |    28 |    65 ||    97
       Headbutt          |       |     9 |    16 ||    25
Invok: Heroism           |       |       |     1 ||     1
  Use: Potion            |     1 |       |     2 ||     3
Armor: Scale mail        |       |     3 |     7 ||    10
       Plate armour      |       |       |    31 ||    31
Dodge: Dodged            |     3 |     3 |    12 ||    18
Block: Kite shield       |     1 |    10 |    23 ||    34
       Tower shield      |       |       |    39 ||    39
